 Dungeon Crawl Stone Soup version 0.18-a0-1413-g4eaa9ac (webtiles) character file.

5380 brucemayne the Cleaver (level 10, -2/65 (67) HPs)
             Began as a Demonspawn Gladiator on Feb 25, 2016.
             Was an Initiate of Trog.
             Slain by psellion's ghost (20 damage)
             ... in a bailey.
             The game lasted 00:24:52 (4215 turns).

brucemayne the Cleaver (Demonspawn Gladiator)       Turns: 4215, Time: 00:24:52

HP:   -2/65 (67)    AC: 19    Str: 17    XL:     10   Next: 39%
MP:   10/10         EV:  5    Int: 10    God:    Trog [......]
Gold: 296           SH:  0    Dex: 15    Spells: 0 memorised, 9 levels left

rFire  . . .     SeeInvis .     a - +1 war axe
rCold  . . .     Gourm    .     i - +0 plate armour
rNeg   . . .     Faith    .     (no shield)
rPois  +         Spirit   .     c - +1 helmet
rElec  .         Dismiss  .     n - +0 cloak
rCorr  .         Reflect  .     (no gloves)
SustAt .         Harm     .     (no boots)
MR     .....                    e - amulet of regeneration
Stlth  ..........               O - ring of poison resistance
                                k - ring of flight

@: not resistant to hostile enchantments, extremely unstealthy
A: claws 1, iridescent scales 2, powered by pain 2
a: Burn Spellbooks, Renounce Religion, Evoke Flight


You were in a bailey.
You worshipped Trog.
Trog was noncommittal.
You were hungry.

You visited 4 branches of the dungeon, and saw 14 of its levels.
You also visited: Sewer and Bailey.

You collected 560 gold pieces.
You spent 264 gold pieces at shops.

Inventory:

Hand Weapons
 a - a +1 war axe (weapon)
 q - a +1 whip of draining
 D - the +2 mace of Malaise {speed, *Noise rElec Int+6 Dex+2}
   (You found it on level 6 of the Dungeon)

   Attacks with this weapon are significantly faster.
   It affects your intelligence (+6).
   It affects your dexterity (+2).
   It insulates you from electricity.
   It may make noises in combat.
Armour
 c - a +1 helmet (worn)
 i - a +0 plate armour (worn)
 n - a +0 cloak (worn)
Jewellery
 e - an amulet of regeneration (around neck)
 k - a ring of flight (left claw)
 E - an uncursed ring of fire
 G - an uncursed ring of fire
 L - the amulet of Yceopt {Inacc rElec rC++ Str-4 Dex+3}
   (You found it on level 10 of the Dungeon)

   [amulet of inaccuracy]

   It reduces the accuracy of all your attacks.
   It affects your strength (-4).
   It affects your dexterity (+3).
   It greatly protects you from cold.
   It insulates you from electricity.
 N - an uncursed amulet of harm {unknown}
 O - a ring of poison resistance (right claw)
Wands
 l - a wand of iceblast (10/15)
 v - a wand of lightning (4/15)
 C - a wand of slowing (29/48)
 K - a wand of acid (15/15)
 P - a wand of random effects (29/48)
Scrolls
 g - 2 scrolls of enchant armour
 p - 2 scrolls of recharging
 r - 3 scrolls of remove curse
 s - a scroll of enchant weapon
 x - 7 scrolls of teleportation
 A - a scroll of fear
 B - a scroll of vulnerability {unknown}
 Q - a scroll of magic mapping
 S - a scroll of identify
Potions
 d - a potion of curing
 h - a potion of cure mutation {unknown}
 m - 5 potions of lignification
 t - a potion of berserk rage {unknown}
 u - a potion of haste {unknown}
 z - 2 potions of brilliance {unknown}
 H - 3 potions of magic {unknown}
 J - a potion of invisibility
 M - a potion of mutation {unknown}
 T - a potion of agility {unknown}
Comestibles
 b - a chunk of flesh
 f - 7 bread rations
 o - 3 meat rations
 I - 6 beef jerkies
 R - a fruit


   Skills:
 - Level 2.0 Fighting
 + Level 13.9 Axes
 - Level 1.7 Throwing
 - Level 2.6 Dodging


You had 9 spell levels left.
You didn't know any spells.

Dungeon Overview and Level Annotations

Branches:
Dungeon (11/15)            Temple (1/1) D:4            Lair (1/8) D:8
    Orc (1/2) D:10

Altars:
Ashenzari
Cheibriados
Dithmenos
Elyvilon
Fedhas
Kikubaaqudgha
Nemelex Xobeh
Okawaru
Pakellas
Qazlal
Ru
Sif Muna
Trog
Vehumet
Xom
Yredelemnul
Zin
The Shining One
Beogh

Shops:
D:5 [   D:6 *   D:7 %   D:9 }

Annotations:
D:5 exclusion: downstairs
D:10 Sonja Bailey psellion's ghost, novice OgHu


Innate Abilities, Weirdness & Mutations

You have sharp fingernails.
You are mostly covered in iridescent scales (AC +6).
You sometimes gain power by taking damage.


Message History

The hound bites you. The gnoll hits you but does no damage.
You miss the hound.
The hound is heavily wounded.
Your plate armour prevents you from hitting the gnoll.
The gnoll is almost dead.
You hit psellion's ghost.
Psellion's ghost is moderately damaged.
The hound barely misses you. Psellion's ghost hits you!
You slash the hound!
You kill the hound!
Trog accepts your kill.
You slash psellion's ghost!
Psellion's ghost is moderately damaged.
You barely miss the gnoll.
The gnoll is almost dead.
The gnoll barely misses you. Psellion's ghost hits you!!
* * * LOW HITPOINT WARNING * * *
Unknown command.
The gnoll hits you but does no damage. Psellion's ghost hits you!!
You die...

♣♣≈≈..
♣.≈..#
♣♣.≈..#
♣♣..≈..#
♣...≈..#
♣...≈..#
♣♣...≈..#
#♣♣♣...W.g.+
#∩..∩..@†).+
#♣♣♣.......+
♣♣...≈..#
♣♣..≈..#
♣..≈..#
♣..≈..#
♣♣.≈..#
♣.≈..#


You could see psellion's ghost and a gnoll.

Vanquished Creatures
  Pikel (D:5)
  Joseph (D:10)
  Psyche (D:10)
  A troll (Orc:1)
  Duvessa (D:6)
  3 orc warriors
  An ice beast (D:6)
  A sky beast (D:5)
  2 wasps (D:9)
  3 slaves (D:5)
  2 necrophages (D:9)
  3 black bears
  2 eyes of draining (D:10)
  3 ogres
  A crocodile (D:9)
  4 centaurs
  A big kobold (D:9)
  3 giant frogs
  Dowan (D:6)
  5 killer bees
  5 howler monkeys
  4 crimson imps
  2 jellies
  5 hounds
  11 orc priests
  A centaur skeleton (D:9)
  A gnoll shaman (D:9)
  3 giant frog skeletons
  7 orc wizards
  2 worker ants
  A killer bee zombie (D:10)
  2 hound zombies
  2 hound skeletons (D:9)
  A worker ant zombie (D:10)
  7 gnolls
  5 adders
  A river rat (D:5)
  A shadow imp (D:10)
  An adder skeleton (D:8)
  7 giant geckos
  29 orcs
  A bat (D:1)
  9 giant cockroaches
  8 goblins
  4 hobgoblins
  7 jackals
  3 quokkas (D:6)
  A giant gecko zombie (D:8)
  A giant newt (D:3)
  3 kobolds
  2 rats (D:3)
177 creatures vanquished.

Vanquished Creatures (others)
  An orc wizard (D:5)
  An orc (D:5)
2 creatures vanquished.

Grand Total: 179 creatures vanquished

Notes
Turn   | Place    | Note
--------------------------------------------------------------
     0 | D:1      | brucemayne the Demonspawn Gladiator began the quest for the Orb.
     0 | D:1      | Reached XP level 1. HP: 16/16 MP: 1/1
    86 | D:1      | Reached skill level 3 in Axes
   139 | D:1      | Gained mutation: You sometimes gain a little power by taking damage. [demonic ancestry]
   139 | D:1      | Reached XP level 2. HP: 4/22 MP: 2/2
   362 | D:2      | Reached XP level 3. HP: 19/27 MP: 3/3
   613 | D:4      | Found a staircase to the Ecumenical Temple.
   626 | Temple   | Entered the Ecumenical Temple
   736 | D:4      | Found a blossoming altar of Fedhas.
   981 | D:2      | Reached skill level 4 in Axes
  1020 | D:5      | Entered Level 5 of the Dungeon
  1041 | D:5      | Gained mutation: You are partially covered in iridescent scales (AC +4). [demonic ancestry]
  1041 | D:5      | Reached XP level 4. HP: 29/33 MP: 4/4
  1192 | D:5      | Found Acsint's Armour Boutique.
  1212 | D:5      | Noticed a slave
  1213 | D:5      | Noticed a slave
  1213 | D:5      | Noticed a slave
  1215 | D:5      | Noticed Pikel
  1264 | D:5      | Killed a slave
  1266 | D:5      | Killed a slave
  1270 | D:5      | Killed a slave
  1333 | D:5      | Noticed a slave
  1351 | D:5      | Killed Pikel
  1351 | D:5      | Reached skill level 7 in Axes
  1351 | D:5      | Reached XP level 5. HP: 38/38 MP: 5/5
  1351 | D:5      | Reached XP level 6. HP: 44/44 MP: 6/6
  1351 | D:5      | Gained mutation: You have sharp fingernails. [demonic ancestry]
  1351 | D:5      | Reached XP level 7. HP: 50/50 MP: 7/7
  1437 | D:5      | Found a glowing drain.
  1441 | Sewer    | Entered a sewer
  1500 | D:6      | Noticed Dowan
  1504 | D:5      | Reached skill level 8 in Axes
  1550 | D:6      | Killed Dowan
  1554 | D:6      | Noticed Duvessa
  1731 | D:6      | Killed Duvessa
  1755 | D:6      | Got an iridescent mace
  1803 | D:7      | Found Kifiguw's Food Shoppe.
  1810 | D:7      | Reached skill level 9 in Axes
  1810 | D:7      | Gained mutation: You sometimes gain power by taking damage. [demonic ancestry]
  1810 | D:7      | Reached XP level 8. HP: 56/56 MP: 8/8
  2031 | D:7      | Found a sacrificial altar of Ru.
  2106 | D:8      | Found a sacrificial altar of Ru.
  2115 | D:8      | Reached skill level 10 in Axes
  2151 | D:8      | You fall through a shaft for 3 floors!
  2179 | D:10     | Entered Level 10 of the Dungeon
  2182 | D:10     | Got a scorched graven amulet
  2184 | D:10     | Identified the amulet of Yceopt {Inacc rElec rC++ Str-4 Dex+3} (You found it on level 10 of the Dungeon)
  2193 | D:10     | Found a staircase to the Orcish Mines.
  2251 | D:10     | Noticed Psyche
  2264 | D:10     | Killed Psyche
  2264 | D:10     | Reached skill level 11 in Axes
  2264 | D:10     | Gained mutation: You are mostly covered in iridescent scales (AC +6). [demonic ancestry]
  2264 | D:10     | Reached XP level 9. HP: 50/61 MP: 6/9
  2401 | D:10     | Noticed Joseph
  2424 | D:10     | Killed Joseph
  2436 | D:10     | HP: 2/61 [orc warrior/scimitar (10)]
  2486 | D:10     | Reached skill level 12 in Axes
  2645 | D:10     | Noticed a hill giant
  2648 | D:10     | Noticed Sonja
  2665 | D:9      | Found a basalt altar of Yredelemnul.
  2706 | D:9      | Found an oddly glowing altar of Pakellas.
  2706 | D:9      | Found Pakellas's Prime Provisions.
  3258 | D:9      | Found a shimmering altar of Xom.
  3267 | D:9      | Reached skill level 13 in Axes
  3289 | D:9      | Reached XP level 10. HP: 57/66 MP: 10/10
  3448 | D:8      | Found a staircase to the Lair.
  3468 | D:8      | Found a deep blue altar of Sif Muna.
  3521 | D:8      | Found a stormy altar of Qazlal.
  3535 | D:7      | Found an iron altar of Okawaru.
  3595 | D:8      | Found a glowing golden altar of the Shining One.
  3667 | D:6      | Found Awikh's Assorted Antiques.
  3705 | D:6      | Bought a scroll of magic mapping for 84 gold pieces
  3705 | D:6      | Bought a scroll of enchant armour for 180 gold pieces
  3770 | D:6      | Found a bloodstained altar of Trog.
  3827 | D:6      | Became a worshipper of Trog the Wrathful
  3906 | Lair:1   | Entered Level 1 of the Lair of Beasts
  3923 | Lair:1   | Identified the +2 mace of Malaise {speed, *Noise rElec Int+6 Dex+2} (You found it on level 6 of the Dungeon)
  4058 | D:10     | Found a roughly hewn altar of Beogh.
  4069 | Orc:1    | Entered Level 1 of the Orcish Mines
  4183 | Orc:1    | Found a flagged portal.
  4204 | Bailey   | Entered a bailey
  4204 | Bailey   | Noticed psellion's ghost (novice OgHu)
  4215 | Bailey   | Slain by psellion's ghost

Vault maps used:
D:1:      evilmike_arrival_crescent, minivault_14, minmay_liquid_box
D:2:      first_bread, nicolae_ashenzari_panopticon
D:3:      makhleb_heckhound_becter, grunt_ministairs_7, kennysheep_doodads
D:4:      lemuel_round_altar, overflow_temple_1_default, temple_fountains,
          uniq_sigmund
D:5:      serial_shops, shop, gup_sewer_entry_bowl, uniq_pikel
D:6:      serial_shops, nicolae_shop_temple_entry_statues_fountains,
          minmay_misc_feat_ornament, trog_ov_bears_minmay, uniq_duvessa
D:7:      basic_altar, serial_shops, nicolae_shop_behind_doors, grunt_ogre_cave,
          okawaru_trees_1
D:8:      tso_oasis_becter, overflow_temple_1_default,
          nicolae_ru_sacrificial_ziggurat, kennysheep_little_box
D:9:      xom_butterflies, yredelemnul_altar_generic,
          kennysheep_cross_bottleneck, johnstein_pakellas_shop
D:10:     minmay_orc_entry_temple_small, lightli_fourway_metalbox, uniq_psyche,
          uniq_sonja, uniq_nergalle, uniq_joseph
Temple:   triangle_lava_temple_11
Lair:1:   nicolae_quartered_pool_medium, st_stairs_6, serial_bayou_shore_b,
          lemuel_fruit_fields, uniq_gastronok
Orc:1:    enter_bailey_7, serial_shops, shop_coins
Sewer:    sewer_frog_island_01
Bailey:   bailey_polearm_gnolls_kennysheep, bailey

Skill      XL: |  1  2  3  4  5  6  7  8  9 |
---------------+----------------------------+-----
Axes           | 3 4 7 9 11 13 | 13.9
Fighting       | |  2.0
Throwing       | |  1.7
Dodging        | |  2.6

Action                   |  1- 3 |  4- 6 |  7- 9 | 10-12 || total
-------------------------+-------+-------+-------+-------++-------
Melee: War axe           |    96 |    30 |   392 |   153 ||   671
Throw: Throwing net      |     6 |     3 |     6 |       ||    15
Evoke: Wand              |       |     3 |     7 |     2 ||    12
  Use: Potion            |     1 |       |     1 |       ||     2
       Scroll            |       |     1 |    14 |     3 ||    18
 Stab: Held in net/web   |       |     2 |     4 |       ||     6
  Eat: Pizza             |       |     1 |     1 |       ||     2
       Chunk             |       |       |     3 |     2 ||     5
       Royal jelly       |       |       |     1 |       ||     1
       Fruit             |       |       |       |     1 ||     1
